 Dungeon Crawl Stone Soup version 0.31-a0-986-g5e6e4ef867 (webtiles) character file.

Game seed: 13634930109124172863

818 Dadgum123 the Carver (level 7, -1/64 HPs)
             Began as a Minotaur Chaos Knight on Nov 21, 2023.
             Was a Priest of Kikubaaqudgha.
             Slain by a gnoll
             ... wielding the +5 war axe "Ziedeuh" {heavy, Str+3 Dex+2}
              (21 damage)
             ... on level 4 of the Dungeon on Nov 22, 2023.
             The game lasted 00:31:13 (2281 turns).

Dadgum123 the Carver (Minotaur Chaos Knight)        Turns: 2281, Time: 00:31:13

Health: -1/64      AC:  7    Str: 22    XL:     7   Next: 62%
Magic:  6/6        EV: 12    Int:  8    God:    Kikubaaqudgha [***...]
Gold:   168        SH:  0    Dex:  9    Spells: 6/6 levels left

rFire   . . .        a - +3 falchion (chaos)
rCold   . . .        (no shield)
rNeg    . . .        b - +2 leather armour
rPois   .            (helmet restricted)
rElec   .            (no cloak)
rCorr   .            (no gloves)
SInv    .            (no boots)
Will    .....        (no amulet)
Stlth   +            (no ring)
HPRegen 0.30/turn    (no ring)
MPRegen 0.10/turn

%: no passive effects
@: confused
A: horns 2, retaliatory headbutt, iridescent scales 1, passive freeze, strong 1
a: Renounce Religion, Unearth Wretches


You were on level 4 of the Dungeon.
You worshipped Kikubaaqudgha.
Kikubaaqudgha was most pleased with you.
You visited 1 branch of the dungeon, and saw 4 of its levels.
You also visited: Sewer.

You collected 168 gold pieces.

Inventory:

Hand Weapons
 a - a +3 falchion of chaos (weapon)
 o - a +2 whip of venom
 u - a +0 giant spiked club
Armour
 b - a +2 leather armour (worn)
 j - a +0 ring mail
 l - a +0 robe
 n - a +0 chain mail
 v - a +0 leather armour
Jewellery
 q - a +6 ring of intelligence
 t - an amulet of reflection
Talismans
 e - a storm talisman
Scrolls
 c - a scroll of butterflies
 f - 2 scrolls of blinking
 g - a scroll of identify
Potions
 d - a potion of haste {unknown}
 h - 4 potions of curing {unknown}
 i - a potion of resistance {unknown}
 k - a potion of attraction {unknown}
 m - a potion of magic {unknown}
 p - 2 potions of heal wounds {unknown}
 r - a potion of invisibility


   Skills:
 + Level 6.4 Fighting
 + Level 8.1 Long Blades
 + Level 3.8 Armour
 + Level 3.1 Dodging
 + Level 1.0 Stealth


You had 6 spell levels left.
You didn't know any spells.
Your spell library contained the following spells:

 Spells                   Type           Power      Damage    Failure   Level
 Kiss of Death            Conj/Necr      0%         2d5       45%         1
 Necrotise                Necr           0%         1d4       45%         1
 Sublimation of Blood     Necr           0%         N/A       58%         2
 Anguish                  Hex/Necr       0%         N/A       99%         4
 Animate Dead             Necr           0%         N/A       99%         4
 Agony                    Necr           0%         N/A       100%        5
 Death Channel            Necr           0%         N/A       100%        6
 Simulacrum               Ice/Necr       0%         N/A       100%        6


Dungeon Overview and Level Annotations

Branches:
Dungeon (4/15)              Sewer (visited)
 Temple: D:4-7

Altars:
Kikubaaqudgha

Annotations:
D:4 1 transporter


Innate Abilities, Weirdness & Mutations

You have a pair of horns on your head.
You reflexively headbutt those who attack you in melee.
You are partially covered in iridescent scales. (AC +2)
A frigid envelope surrounds you and freezes all who hurt you.
Your muscles are strong. (Str +4, Int/Dex -1)


Message History

The kobold hits you but does no damage.
The kobold is very cold.
You kill the kobold!
Kikubaaqudgha accepts your kill.
You miss the orc wizard.
You headbutt the orc wizard, but do no damage.
The orc wizard is heavily wounded.
The orc wizard hits you with a +0 dagger.
The orc wizard is very cold.
You kill the orc wizard!
Kikubaaqudgha accepts your kill. Gebbletook2's ghost hits you!
Gebbletook2's ghost is very cold.
Gebbletook2's ghost is severely damaged.
The orc wizard hits you with a +0 dagger.
The orc wizard is very cold.
The orc wizard is almost dead.
Your Long Blades skill increases to level 8!
Your Dodging skill increases to level 3!
You're too confused to move!
The adder closely misses you.
The orc wizard hits you but does no damage.
The orc wizard is very cold.
You kill the orc wizard!
That felt strangely unrewarding.
Gebbletook2's ghost hits you.
Gebbletook2's ghost is very cold.
Gebbletook2's ghost is almost destroyed.
The adder attacks as it pursues you! The adder closely misses you.
The adder barely misses you.
There is a transporter landing site here.
You miss the adder. Your headbutt misses the adder. The adder bites you.
The adder is very cold.
The adder seems to slow down.
The adder is almost dead.
Gebbletook2's ghost hits you.
* * * LOW HITPOINT WARNING * * *
Gebbletook2's ghost is very cold.
You destroy gebbletook2's ghost!
Kikubaaqudgha accepts your kill.
You miss the adder. Your headbutt misses the adder.
The adder is almost dead.
The gnoll hits you with the +5 war axe "Ziedeuh" {heavy, Str+3 Dex+2}!!
You die...
Kikubaaqudgha rasps: "You have failed me!
Welcome... death!"

##.............##
#...........)...#
#..?#########...# ###
#..##.......##..# ..#
#..#8.#...#.8#..# ..#
#..#...#.#...#..#
..#######..#...g.....#..######
..........©#).)S@...?#©...>...
..#######..#...)....)#..##.###
### #..#...#.#...#..##.######
#..#8.#...#.8#........#.#
#..##......©##.....##.#..
#########...#########......##.#.#
...##.................†....##.#<.
##.##.####.................##.#.#
#.##.## ###...#####.......##.#..


You could see a gnoll and an adder (slow).

Vanquished Creatures
  Grinder (D:4)
  Duvessa (D:4)
  An ogre (D:4)
  A centaur (D:4)
  The ghost of gebbletook2 the Trooper, an amateur VSFi (D:4)
  Dowan (D:4)
  2 orc wizards (D:4)
  14 adders
  A worm (D:3)
  3 dart slugs
  7 orcs (D:3)
  2 endoplasms
  9 giant cockroaches
  7 goblins
  6 hobgoblins
  8 quokkas
  7 ball pythons
  2 bats
  8 frilled lizards
  5 kobolds
  10 rats
97 creatures vanquished.

Notes
Turn   | Place    | Note
-------+----------+-------------------------------------------
     0 | D:1      | Dadgum123 the Minotaur Chaos Knight began the quest for the
                  | Orb.
     0 | D:1      | Reached XP level 1. HP: 19/19 MP: 0/0
   223 | D:1      | Reached XP level 2. HP: 27/27 MP: 1/1
   230 | D:1      | XOM: cloud trail
   265 | D:1      | Found a faded altar of an unknown god.
   360 | D:1      | Prayed at the altar of an unknown god.
   360 | D:1      | Fell from the grace of Xom
   360 | D:1      | Became a worshipper of Kikubaaqudgha
   360 | D:1      | Reached * piety under Kikubaaqudgha
   360 | D:1      | Received a gift from Kikubaaqudgha
   469 | D:2      | Reached skill level 4 in Long Blades
   571 | D:2      | Reached XP level 3. HP: 33/33 MP: 2/2
   609 | D:2      | Reached ** piety under Kikubaaqudgha
   757 | D:2      | Reached XP level 4. HP: 41/41 MP: 3/3
  1030 | D:3      | Reached skill level 5 in Long Blades
  1254 | D:3      | XOM: give mutations
  1254 | D:3      | Gained mutation: You are partially covered in iridescent
                  | scales. (AC +2) [Xom's grace]
  1254 | D:3      | Gained mutation: Your flesh is heat resistant. (rF+) [Xom's
                  | grace]
  1254 | D:3      | Gained mutation: Your muscles are strong. (Str +4, Int/Dex
                  | -1) [Xom's grace]
  1641 | D:4      | Noticed Grinder
  1641 | D:4      | Noticed an ogre
  1646 | D:4      | Killed an ogre
  1647 | D:4      | Reached skill level 5 in Fighting
  1647 | D:4      | Reached XP level 5. HP: 42/48 MP: 4/4
  1649 | D:4      | Paralysed by Grinder for 2 turns
  1671 | D:4      | Paralysed by Grinder for 5 turns
  1689 | D:4      | Killed Grinder
  1690 | D:4      | Reached skill level 6 in Long Blades
  1690 | D:4      | Reached XP level 6. HP: 26/56 MP: 5/5
  1698 | D:4      | Found a transporter.
  1698 | D:4      | Noticed gebbletook2's ghost (amateur VSFi)
  1704 | D:4      | Found a transporter.
  1733 | D:4      | Reached skill level 7 in Long Blades
  1779 | D:4      | Found a glowing drain.
  1783 | Sewer    | Entered a sewer
  1820 | Sewer    | Reached *** piety under Kikubaaqudgha
  1820 | Sewer    | Received a gift from Kikubaaqudgha
  1842 | Sewer    | Reached XP level 7. HP: 52/62 MP: 6/6
  1857 | Sewer    | XOM: confusion (+ monsters)
  1896 | Sewer    | Lost mutation: Your flesh is heat resistant. (rF+) [potion
                  | of mutation]
  1896 | Sewer    | Lost mutation: Your muscles are strong. (Str +4, Int/Dex
                  | -1) [potion of mutation]
  1896 | Sewer    | Gained mutation: Your muscles are strong. (Str +4, Int/Dex
                  | -1) [potion of mutation]
  1896 | Sewer    | Gained mutation: A frigid envelope surrounds you and
                  | freezes all who hurt you. [potion of mutation]
  2145 | D:4      | Identified the +5 war axe "Ziedeuh" {heavy, Str+3 Dex+2}
  2207 | D:4      | Noticed Duvessa
  2207 | D:4      | Noticed Dowan
  2214 | D:4      | Killed Duvessa
  2215 | D:4      | Reached skill level 1 in Stealth
  2215 | D:4      | Killed Dowan
  2278 | D:4      | Reached skill level 8 in Long Blades
  2280 | D:4      | Killed gebbletook2's ghost
  2281 | D:4      | Slain by a gnoll

Illustrated notes

Levels and vault maps discovered:
D:1:      lightli_iron_boxes, layout_basic,
          chequers_ecumenical_altar_simple_redux
D:2:      layout_rooms
D:3:      layout_rooms
D:4:      layout_basic, gammafunk_ghost_arena,
          mainiacjoe_sewer_entry_somewhere_in_here_1, uniq_grinder,
          uniq_natasha, uniq_duvessa

Skill      XL: |  1  2  3  4  5  6  7 |
---------------+----------------------+-----
Fighting       | 4 5 6 |  6.4
Long Blades    | 4 5 6 7 8 |  8.1
Armour         | 3 |  3.8
Dodging        | 2 3 |  3.1
Stealth        | 1 |  1.0

Action                     |  1- 3 |  4- 6 |  7- 9 || total
---------------------------+-------+-------+-------++-------
  Melee: Falchion          |    61 |    84 |    37 ||   182
         Headbutt          |     6 |    10 |     4 ||    20
         Punch             |       |       |     1 ||     1
    Use: Scroll            |     4 |     3 |     3 ||    10
         Potion            |       |     1 |     1 ||     2
 Armour: Leather armour    |    39 |    51 |    45 ||   135
  Dodge: Dodged            |    34 |    57 |    32 ||   123

Table legend: (Time is in decaauts)
 A = Elapsed time spent in this place.
 B = Non-inter-level travel time spent in this place.
 C = Inter-level travel time spent in this place.
 D = Time resting spent in this place.
 E = Time spent auto-exploring this place.
 F = Levels seen in this place.
 G = Mean time per level.
                   A        B        C        D        E       F      G
               +--------+--------+--------+--------+--------+-----+--------+
         Total |   2334 |    827 |   1507 |      0 |      0 |   5 |  466.8 |
       Dungeon |   1991 |    484 |   1507 |      0 |      0 |   4 |  497.8 |
         Sewer |    342 |    342 |      0 |      0 |      0 |   1 |  342.0 |
               +--------+--------+--------+--------+--------+-----+--------+

Top non-repeatable levels by time:
     D:3: 667 daAuts
     D:2: 529 daAuts
     D:1: 443 daAuts
     D:4: 350 daAuts
   Sewer: 342 daAuts
